 Dungeon Sprint DCSS version 0.22.1-1-ga44c0e5 (webtiles) character file.

4700000 Merlin the Conqueror (level 26, -19/266 HPs)
             Began as a Minotaur Fighter on Sept 21, 2018.
             Was the Champion of Makhleb.
             Demolished by a bag of meat
             ... wielding a +9 war axe
              (35 damage)
             ... in the Dungeon (Sprint VIII: "Arena of Blood").
             The game lasted 00:05:44 (47 turns).

Merlin the Conqueror (Minotaur Fighter)               Turns: 47, Time: 00:05:49

Health: -19/266    AC: 13    Str: 25    XL:     26   Next: 57%
Magic:  22/53      EV: 31    Int:  5    God:    Makhleb [******]
Gold:   0          SH:  0    Dex: 18    Spells: 79/79 levels left

rFire    . . .     SeeInvis .   k - +∞ Axe of Woe
rCold    . . .     Gourm    .   (shield currently unavailable)
rNeg     . . .     Faith    .   a - +0 scale mail
rPois    .         Spirit   .   (helmet restricted)
rElec    .         Reflect  .   (no cloak)
rCorr    .         Harm     .   (no gloves)
MR       +....     NoTele   +   (no boots)
Stlth    ++++++++..             (no amulet)
HPRegen  0.54/turn              (no ring)
MPRegen  0.33/turn              (no ring)

@: no status effects
A: retaliatory headbutt, horns 2
a: Minor Destruction, Lesser Servant of Makhleb, Major Destruction, Greater
Servant of Makhleb, Renounce Religion


You were in the Dungeon.
You worshipped Makhleb.
Makhleb was exalted by your worship.
You were not hungry.

You visited 1 branch

Inventory:

Hand Weapons
 k - the +∞ Axe of Woe (weapon)
   (You found it in the Dungeon)
Armour
 a - a +0 scale mail (worn)
 b - a +0 shield
Scrolls
 j - a scroll of blinking
Potions
 c - a potion of might
 e - a potion of curing
 f - a potion of heal wounds
 g - a potion of haste
 h - 2 potions of magic
 i - a potion of berserk rage
Comestibles
 d - a ration


   Skills:
 O Level 27 Fighting
 O Level 27 Axes
 O Level 27 Throwing
 O Level 27 Armour
 O Level 27 Dodging
 O Level 27 Stealth
 O Level 27 Shields
 O Level 27 Unarmed Combat
 O Level 27 Spellcasting
 O Level 27 Invocations


You had 79 spell levels left.
You didn't know any spells.
Your spell library was empty.

Dungeon Overview and Level Annotations

Branches:
Dungeon (1/1)

Altars:
Makhleb


Innate Abilities, Weirdness & Mutations

You reflexively headbutt those who attack you in melee.
You have a pair of horns on your head.


Message History

You destroy the crawling corpse!
You hear a shout! x3
The corpses begin to drag themselves along the ground!
A bag of meat comes into view. It is wielding a +9 war axe. x2
You hear a shout! x2 2 crawling corpses come into view.
You hear a shout! x2
The bag of meat is engulfed in blazing flames.
The accursed appears out of thin air!
An accursed comes into view.
The bag of meat is engulfed in blazing flames. x2
The sculptor of flesh hits you with a +9 great sword!!!!!
Ouch! That really hurt!
* * * LOW HITPOINT WARNING * * *
You hear a shout!
The sculptor of flesh is engulfed in blazing flames.
The bag of meat completely misses you.
The bag of meat is engulfed in blazing flames.
The bag of meat hits you with a +9 war axe!!
You die...

.o.. ....... ..
..... .. #.... .#
.. #... ..#
..%###..§ ..###.
...%..%§###......
#....%§zz§.......
.....#)x@ox#....
..% #§o<§_# . %


#oxoM.# ......o§§%.%... .....OO###%..... ..###.oo ..###. % #.o. ..# #oV. ..#
.o.o. .. You could see an accursed (wandering), a destroyer, 2 sculptors of
flesh, a large bag of meat (inner flame), a meat berserker (berserk), 8 bags of
meat and 3 crawling corpses.

Vanquished Creatures
  4 vampire knights (D)
  14 ogres (D)
  6 two-headed ogres (D)
  26 orcs (D)
  2 large abominations (D)
  3 small abominations (D)
  3 crawling corpses (D)
58 creatures vanquished.

Vanquished Creatures (others)
  A crawling corpse (D)
1 creature vanquished.

Grand Total: 59 creatures vanquished

Notes
Turn   | Place    | Note
-------+----------+-------------------------------------------
     0 | D        | Found the +∞ Axe of Woe
     0 | D        | Merlin the Minotaur Fighter began the quest for the Orb.
     0 | D        | Reached XP level 1. HP: 19/19 MP: 0/0
     1 | D        | Noticed a bag of meat
     2 | D        | Noticed a meat berserker
     2 | D        | Noticed a bag of meat
     4 | D        | Noticed a bag of meat
     6 | D        | Noticed a bag of meat
     8 | D        | Noticed a bag of meat
     9 | D        | Killed a meat berserker
     9 | D        | Reached XP level 2. HP: 59/59 MP: 1/1
     9 | D        | Reached XP level 3. HP: 66/66 MP: 2/2
     9 | D        | Reached XP level 4. HP: 74/74 MP: 3/3
     9 | D        | Reached XP level 5. HP: 81/81 MP: 4/4
     9 | D        | Reached XP level 6. HP: 90/90 MP: 5/5
     9 | D        | Reached XP level 7. HP: 96/96 MP: 6/6
     9 | D        | Reached XP level 8. HP: 105/105 MP: 7/7
     9 | D        | Reached XP level 9. HP: 112/112 MP: 8/8
     9 | D        | Reached XP level 10. HP: 121/121 MP: 9/9
     9 | D        | Reached XP level 11. HP: 127/127 MP: 10/10
     9 | D        | Reached XP level 12. HP: 136/136 MP: 11/11
     9 | D        | Reached XP level 13. HP: 143/143 MP: 12/12
    10 | D        | Killed a bag of meat
    11 | D        | Killed a bag of meat
    11 | D        | Reached skill level 5 in Axes
    11 | D        | Reached XP level 14. HP: 129/160 MP: 13/13
    11 | D        | Killed a bag of meat
    11 | D        | Killed a bag of meat
    11 | D        | Reached XP level 15. HP: 140/173 MP: 14/14
    12 | D        | Reached skill level 27 in Fighting
    13 | D        | Became a worshipper of Makhleb the Destroyer
    14 | D        | Noticed a meat berserker
    14 | D        | Noticed a meat berserker
    14 | D        | Noticed a large bag of meat
    15 | D        | Noticed a meat berserker
    16 | D        | Noticed a meat berserker
    16 | D        | Noticed a meat berserker
    17 | D        | Noticed a large bag of meat
    18 | D        | Noticed a large bag of meat
    18 | D        | Noticed a meat berserker
    19 | D        | Killed a meat berserker
    19 | D        | Reached skill level 27 in Armour
    19 | D        | Reached skill level 27 in Shields
    19 | D        | Reached XP level 16. HP: 92/183 MP: 15/15
    19 | D        | Killed a meat berserker
    19 | D        | Reached * piety under Makhleb
    19 | D        | Noticed a large bag of meat
    20 | D        | Killed a meat berserker
    20 | D        | Reached skill level 27 in Axes
    20 | D        | Reached skill level 27 in Unarmed Combat
    20 | D        | Reached XP level 17. HP: 178/191 MP: 16/16
    20 | D        | Reached skill level 5 in Spellcasting
    21 | D        | Reached ** piety under Makhleb
    21 | D        | Reached skill level 10 in Throwing
    21 | D        | Reached skill level 10 in Dodging
    21 | D        | Reached skill level 10 in Invocations
    22 | D        | Killed a meat berserker
    22 | D        | Reached XP level 18. HP: 187/200 MP: 16/30
    22 | D        | Killed a large bag of meat
    22 | D        | Reached skill level 15 in Throwing
    22 | D        | Reached skill level 15 in Invocations
    23 | D        | Noticed a meat berserker
    24 | D        | Reached *** piety under Makhleb
    24 | D        | Reached skill level 15 in Stealth
    24 | D        | Reached XP level 19. HP: 181/207 MP: 16/34
    24 | D        | Killed a meat berserker
    24 | D        | Noticed a meat berserker
    24 | D        | Noticed a destroyer
    24 | D        | Noticed a meat berserker
    25 | D        | Reached **** piety under Makhleb
    25 | D        | Reached skill level 15 in Spellcasting
    25 | D        | Noticed a large bag of meat
    27 | D        | Killed a meat berserker
    27 | D        | Reached XP level 20. HP: 88/216 MP: 17/38
    27 | D        | Reached skill level 27 in Invocations
    27 | D        | Killed a large bag of meat
    27 | D        | Reached ***** piety under Makhleb
    27 | D        | Reached XP level 21. HP: 224/224 MP: 17/42
    28 | D        | Reached skill level 27 in Dodging
    28 | D        | Reached skill level 27 in Throwing
    28 | D        | Killed a large bag of meat
    28 | D        | Reached skill level 27 in Stealth
    28 | D        | Reached XP level 22. HP: 233/233 MP: 17/47
    29 | D        | Noticed a destroyer
    30 | D        | Reached ****** piety under Makhleb
    30 | D        | Killed a destroyer
    30 | D        | Reached skill level 27 in Spellcasting
    32 | D        | Killed a large bag of meat
    32 | D        | Reached XP level 23. HP: 238/240 MP: 18/53
    32 | D        | Killed a large bag of meat
    33 | D        | Noticed a large bag of meat
    37 | D        | Reached XP level 24. HP: 249/249 MP: 19/53
    39 | D        | Noticed a destroyer
    41 | D        | Killed a destroyer
    41 | D        | Reached XP level 25. HP: 257/257 MP: 20/53
    41 | D        | Killed a large bag of meat
    41 | D        | Noticed a large bag of meat
    41 | D        | Noticed a destroyer
    43 | D        | Killed a destroyer
    45 | D        | Killed a destroyer
    45 | D        | Reached XP level 26. HP: 266/266 MP: 21/53
    47 | D        | Noticed an accursed
    47 | D        | Demolished by a bag of meat

Skill      XL: |  1  2  3  4  5  6  7  8  9 10 11 12 13 14 15 16 17 18 19 20 21 22 |
---------------+-------------------------------------------------------------------+-----
Fighting       | 21 24 26 27 | 27.0
Armour         | 21 24 25 27 | 27.0
Shields        | 21 23 25 27 | 27.0
Unarmed Combat | 11 12 14 18 27 | 27.0
Axes           | 5 9 21 27 | 27.0
Throwing       | 13 16 20 24 27 | 27.0
Dodging        | 14 18 21 25 27 | 27.0
Stealth        | 12 15 18 22 27 | 27.0
Spellcasting   | 9 12 15 18 22 27 | 27.0
Invocations    | 13 16 26 27 | 27.0

Action                   |  1- 3 |  4- 6 |  7- 9 | 10-12 | 13-15 | 16-18 | 19-21 | 22-24 | 25-27 || total
-------------------------+-------+-------+-------+-------+-------+-------+-------+-------+-------++-------
Melee: Executioner's axe |     1 |       |       |       |     4 |     4 |     3 |     8 |     5 ||    25
Invok: Major Destruction |       |       |       |       |       |       |     1 |     2 |       ||     3
Dodge: Dodged            |       |       |       |       |       |       |     2 |     2 |     1 ||     5
